 Dungeon Crawl Stone Soup version 0.29.1-15-g9cfb28693d (webtiles) character file.

Game seed: 17500865018008210566

38626 Smoke131 the Grappler (level 13, -3/133 HPs)
             Began as a Troll Gladiator on Feb 28, 2023.
             Was the Champion of Okawaru.
             Slain by a seven-headed hydra (7 damage)
             ... on level 5 of the Lair of Beasts.
             The game lasted 00:49:22 (16275 turns).

Smoke131 the Grappler (Troll Gladiator)            Turns: 16275, Time: 00:49:23

Health: -3/133     AC: 14    Str: 29    XL:     13   Next: 64%
Magic:  19/19      EV: 11    Int:  4    God:    Okawaru [******]
Gold:   630        SH:  0    Dex: 11    Spells: 12/12 levels left

rFire   + . .      SeeInvis .     - Unarmed
rCold   . . .      Faith    .   (no shield)
rNeg    . . .      Spirit   .   K - +0 acid dragon scales
rPois   +          Reflect  .   b - +1 hat
rElec   .          Harm     .   x - +2 cloak {rPois}
rCorr   +          Rampage  .   (gloves unavailable)
Will    .....                   (boots unavailable)
Stlth   +.........              S - amulet of the acrobat
HPRegen 1.12/turn               h - +4 ring of slaying
MPRegen 0.16/turn               n - ring of protection from fire

@: no status effects
A: large, unfitting armour, claws 3, regeneration 1, shaggy fur 1, tough skin 1
a: Renounce Religion, Heroism, Finesse, Duel


You were on level 5 of the Lair of Beasts.
You worshipped Okawaru.
Okawaru was exalted by your worship.
You visited 3 branches of the dungeon, and saw 18 of its levels.
You also visited: Sewer.

You collected 1035 gold pieces.
You spent 405 gold pieces at shops.

Inventory:

Missiles
 c - 4 throwing nets
 k - 16 poisoned darts
 v - 12 boomerangs
 z - 5 atropa-tipped darts
 J - 8 curare-tipped darts
 L - 7 large rocks (quivered)
 Q - 6 silver javelins
 T - 6 javelins
Armour
 b - a +1 hat (worn)
 x - a +2 cloak of poison resistance (worn)
 K - +0 acid dragon scales (worn)
 N - the +0 kite shield of Leapfrog {Rampage Str+2}
   (Okawaru gifted it to you on level 1 of the Lair of Beasts)

   Str:       It affects your strength (+2).
   Rampage:   It bestows one free step when moving towards enemies.
Jewellery
 h - a +4 ring of slaying (left claw)
 i - a ring of flight
 n - a ring of protection from fire (right claw)
 s - a ring of ice
 M - a +4 ring of protection
 R - an amulet of guardian spirit
 S - an amulet of the acrobat (around neck)
Wands
 d - a wand of flame (6)
 e - a wand of polymorph (5)
 l - a wand of quicksilver (24)
 w - a wand of mindburst (30)
 O - a wand of iceblast (16)
Scrolls
 a - a scroll of amnesia
 p - 5 scrolls of enchant weapon
 q - 5 scrolls of teleportation
 y - 3 scrolls of fog
 A - 3 scrolls of poison
 B - 4 scrolls of blinking
 C - 3 scrolls of enchant armour
 G - 2 scrolls of fear
 I - 2 scrolls of identify
Potions
 f - 2 potions of brilliance
 g - 6 potions of might
 j - 4 potions of resistance
 m - 8 potions of heal wounds
 o - 5 potions of flight
 r - 3 potions of lignification
 t - 3 potions of invisibility
 u - 12 potions of curing
 D - 3 potions of ambrosia
 E - 3 potions of attraction
 F - a potion of cancellation
 H - a potion of haste {unknown}
 P - 2 potions of mutation


   Skills:
 + Level 9.9 Fighting
 - Level 10.0 Throwing
 + Level 8.5 Armour
 - Level 5.2 Dodging
 - Level 10.0 Unarmed Combat
 + Level 9.9 Invocations


You had 12 spell levels left.
You didn't know any spells.
Your spell library contained the following spells:

 Spells                   Type           Power      Damage    Failure   Level
 Apportation              Tloc           0%         N/A       54%         1
 Blink                    Tloc           0%         N/A       69%         2
 Ensorcelled Hibernation  Hex/Ice        0%         N/A       69%         2
 Lesser Beckoning         Tloc           0%         N/A       89%         3
 Spider Form              Tmut/Pois      0%         N/A       89%         3
 Anguish                  Hex/Necr       0%         N/A       100%        4
 Alistair's Intoxication  Tmut/Pois      0%         N/A       100%        5
 Borgnjor's Vile Clutch   Necr/Erth      0%         N/A       100%        5
 Fireball                 Conj/Fire      0%         3d3       100%        5
 Manifold Assault         Tloc           0%         N/A       100%        5
 Eringya's Noxious Bog    Tmut/Pois      0%         N/A       100%        6
 Starburst                Conj/Fire      0%         6d3       100%        6
 Ignition                 Fire           0%         3d3       100%        8


Dungeon Overview and Level Annotations

Branches:
Dungeon (12/15)            Temple (1/1) D:5            Lair (5/5) D:8
  Swamp (0/4) Lair:3       Spider (0/4) Lair:2        Slime (0/5) Lair:4
    Orc (0/2) D:12          Sewer (visited)

Altars:
Ashenzari
Cheibriados
Dithmenos
Elyvilon
Hepliaklqana
Kikubaaqudgha
Makhleb
Nemelex Xobeh
Okawaru
Qazlal
Ru
Sif Muna
Trog
Uskayaw
Vehumet
Wu Jian
Xom
Zin
The Shining One
Jiyva

Shops:
D:2 :(   D:4 [*?==   D:7 (   D:12 *

Annotations:
D:9 3 runed translucent doors, BuddhaDhamma's ghost, journeyman MiBe
D:11 exclusion: ice statue
Lair:3 exclusion: orange crystal statue
Lair:4 1 runed translucent door, Exagres's ghost, journeyman DgIE
Lair:5 1 runed translucent door, drewk1942's ghost, journeyman DjHW


Innate Abilities, Weirdness & Mutations

You are too large for most types of armour.
You have claws for hands.
Your natural rate of healing is unusually fast.
You are covered in fur. (AC +1)
You have tough skin. (AC +1)


Message History

The seven-headed hydra bites you but does no damage.
The seven-headed hydra bites you!
The seven-headed hydra closely misses you.
Throw: 9 large rocks
Press: ? - help, Q - select action, (/) - cycle Shift-Dir - straight line, f/p - seven-headed hydra
Aim: a seven-headed hydra (moderately wounded, 83% to hit)
You throw a large rock.
The large rock hits the seven-headed hydra!!!
The seven-headed hydra is almost dead.
You hear a bellow! x2
The seven-headed hydra bites you but does no damage.
The seven-headed hydra bites you. The seven-headed hydra bites you!
The seven-headed hydra bites you but does no damage.
The seven-headed hydra barely misses you.
The seven-headed hydra bites you but does no damage.
The seven-headed hydra bites you.
Throw: 8 large rocks
Press: ? - help, Q - select action, (/) - cycle Shift-Dir - straight line, f/p - seven-headed hydra
Aim: a seven-headed hydra (almost dead, 83% to hit)
You throw a large rock.
The large rock barely misses the seven-headed hydra.
The seven-headed hydra bites you!
* * * LOW HITPOINT WARNING * * *
The seven-headed hydra bites you but does no damage.
The seven-headed hydra misses you.
The seven-headed hydra closely misses you. x2
The seven-headed hydra bites you.
* * * LOW HITPOINT WARNING * * *
The seven-headed hydra bites you.
* * * LOW HITPOINT WARNING * * *
The seven-headed hydra bites you.
* * * LOW HITPOINT WARNING * * *
The seven-headed hydra bites you but does no damage.
The seven-headed hydra bites you!
* * * LOW HITPOINT WARNING * * *
The seven-headed hydra barely misses you.
The seven-headed hydra bites you.
* * * LOW HITPOINT WARNING * * *
The seven-headed hydra bites you!
You die...

#.......#..##.....
#......#...####...
#........### #...
#.....#..# ##.. ..
#######...## ###... ##.
#...##..#..####..P.. P...
#(..#......##.......
.....#.D.#.†...###......^
#....#.#@#....###........
##......†....# ##..P#.P.
#..P......#.## #######.
#####...##### #.. # #####
##. ## ##. .# #.) ## #..
.# ### ##.


You could see a seven-headed hydra.

Vanquished Creatures
  3 boulder beetles
  A hydra (Lair:5)
  3 two-headed ogres
  2 bog bodies (Lair:3)
  A lindwurm (Lair:5)
  Pikel (D:8)
  A deep elf pyromancer (D:12)
  An oklob plant (Lair:1)
  2 cyclopes
  10 elephants
  A black mamba (Lair:1)
  A gargoyle (D:12)
  A torpor snail (Lair:5)
  11 cane toads
  4 komodo dragons
  A kobold demonologist (D:11)
  Maggie (D:7)
  2 unseen horrors
  A rime drake (Lair:5)
  3 trolls
  2 polar bears
  7 dream sheep (Lair:5)
  4 blink frogs (Lair:5)
  3 slime creatures (Lair:4)
  57 yaks
  4 shadows
  2 vampires
  6 wyverns
  A steam dragon (D:8)
  8 basilisks
  A swamp worm (Lair:3)
  An acid dragon (D:10)
  9 water moccasins
  A black bear (Lair:1)
  2 ice beasts
  2 sky beasts (D:7)
  6 orc warriors
  5 wolves
  2 ogres
  A centaur (D:5)
  A phantom (D:4)
  11 bullfrogs
  6 kobold brigands
  2 necrophages
  3 scorpions
  8 wights
  8 killer bees
  A howler monkey (D:4)
  6 electric eels
  3 lava snakes (Lair:3)
  3 jellies
  7 hounds
  8 orc priests
  An iguana (D:5)
  15 hell rats
  10 orc wizards
  7 adders
  9 river rats (Lair:2)
  3 white imps (D:5)
  A worm (D:3)
  A dart slug (D:1)
  22 orcs
  15 ball pythons
  6 bats
  6 endoplasms
  13 giant cockroaches
  6 goblins
  11 hobgoblins
  8 jackals
  21 kobolds
  13 quokkas
  10 frilled lizards
  20 rats
440 creatures vanquished.

Vanquished Creatures (others)
  11 fungi
  21 plants
  2 withered plants (Lair:5)
34 creatures vanquished.

Grand Total: 474 creatures vanquished

Notes
Turn   | Place    | Note
-------+----------+-------------------------------------------
     0 | D:1      | Smoke131 the Troll Gladiator began the quest for the Orb.
     0 | D:1      | Reached XP level 1. HP: 19/19 MP: 0/0
   235 | D:1      | Reached XP level 2. HP: 28/28 MP: 1/1
   484 | D:1      | Reached XP level 3. HP: 34/35 MP: 2/2
   876 | D:2      | Found Kymad's Weapon Shop.
   892 | D:2      | Found Nughodotu's Book Shoppe.
  1661 | D:3      | Reached XP level 4. HP: 42/42 MP: 3/3
  2072 | D:4      | Noticed a phantom
  2084 | D:4      | Killed a phantom
  2085 | D:4      | Reached XP level 5. HP: 41/50 MP: 4/4
  2108 | D:4      | Found Omoumef's Magic Scroll Boutique.
  2293 | D:4      | Found Qeasuc's Armour Boutique.
  2399 | D:4      | Found Wustroshiel's Jewellery Boutique.
  2426 | D:4      | Found Ulocosel's Jewellery Shop.
  2713 | D:4      | Identified the +5 dagger "Newtslayer" {vorpal, Fragile rC+
                  | Str+6}
  2894 | D:4      | Noticed an ogre
  2896 | D:4      | Killed an ogre
  2897 | D:4      | Reached XP level 6. HP: 61/61 MP: 5/5
  2911 | D:4      | Found Niptorr's General Store.
  2920 | D:4      | Bought a scroll of noise for 11 gold pieces
  3003 | D:5      | Entered Level 5 of the Dungeon
  3158 | D:5      | Noticed an ice beast
  3169 | D:5      | Killed an ice beast
  3170 | D:5      | Reached XP level 7. HP: 54/67 MP: 6/6
  3240 | D:4      | Bought a +2 cloak of poison resistance for 222 gold pieces
  3254 | D:5      | Found a staircase to the Ecumenical Temple.
  3271 | Temple   | Entered the Ecumenical Temple
  3434 | Temple   | Became a worshipper of Warmaster Okawaru
  3481 | D:5      | Reached skill level 5 in Unarmed Combat
  3703 | D:5      | Reached * piety under Okawaru
  3901 | D:6      | Found a bloodstained altar of Trog.
  3908 | D:6      | Reached skill level 1 in Invocations
  4004 | D:6      | Found a burning altar of Makhleb.
  4049 | D:6      | Found a sacrificial altar of Ru.
  4050 | D:6      | Found a sparkling altar of Nemelex Xobeh.
  4058 | D:6      | Found a stormy altar of Qazlal.
  4059 | D:6      | Found a white marble altar of Elyvilon.
  4060 | D:6      | Found a glowing golden altar of the Shining One.
  4066 | D:6      | Found a hazy altar of Hepliaklqana.
  4067 | D:6      | Found a shimmering altar of Xom.
  4188 | D:6      | Reached XP level 8. HP: 78/78 MP: 7/7
  4321 | D:6      | Found a glowing drain.
  4338 | Sewer    | Entered a sewer
  4885 | D:7      | Noticed Maggie
  5126 | D:7      | Reached ** piety under Okawaru
  5148 | D:7      | Reached skill level 5 in Throwing
  5148 | D:7      | Reached skill level 5 in Dodging
  5486 | D:7      | Found Noatuemec's Antique Weapon Boutique.
  6004 | D:7      | Killed Maggie
  6005 | D:7      | Reached XP level 9. HP: 68/87 MP: 10/10
  6127 | D:8      | Noticed a troll
  6133 | D:8      | Reached skill level 5 in Fighting
  6140 | D:8      | Killed a troll
  6140 | D:8      | Reached *** piety under Okawaru
  6141 | D:8      | Reached skill level 1 in Armour
  6154 | D:8      | Found a staircase to the Lair.
  6479 | D:8      | Found a hide-covered altar of Uskayaw.
  6659 | D:8      | Noticed Pikel
  6672 | D:8      | Killed Pikel
  6672 | D:8      | Reached **** piety under Okawaru
  6771 | D:8      | Reached XP level 10. HP: 98/98 MP: 12/12
  7182 | D:9      | Found a runed translucent gate.
  7182 | D:9      | Found a runed translucent gate.
  7182 | D:9      | Found a runed translucent gate.
  7186 | D:9      | Noticed BuddhaDhamma's ghost (journeyman MiBe)
  7190 | D:9      | Identified the +11 crystal plate armour "Uxzerph" {rElec
                  | rPois Int-4}
  7209 | D:9      | Received a gift from Okawaru
  7399 | D:9      | Noticed a two-headed ogre
  7408 | D:9      | Killed a two-headed ogre
  7409 | D:9      | Reached skill level 5 in Invocations
  7773 | D:9      | Found an ornate altar of the Wu Jian Council.
  7901 | D:9      | Found the +1 cloak of Starlight {*Dazzle EV+4 Stlth--}
  8024 | D:2      | Bought 6 silver javelins for 172 gold pieces
  8166 | D:10     | Entered Level 10 of the Dungeon
  8876 | D:10     | Found a shadowy altar of Dithmenos.
  9034 | D:11     | Reached ***** piety under Okawaru
  9134 | D:11     | Reached XP level 11. HP: 106/107 MP: 14/14
  9412 | D:11     | Noticed a two-headed ogre
  9414 | D:11     | Noticed a boulder beetle
  9581 | D:11     | Received a gift from Okawaru
  9958 | D:11     | Killed a two-headed ogre
 10038 | D:11     | Killed a boulder beetle
 10038 | D:11     | Received a gift from Okawaru
 10120 | D:11     | Reached skill level 5 in Armour
 10181 | D:12     | Received a gift from Okawaru
 10405 | D:12     | Noticed a boulder beetle
 10412 | D:12     | Killed a boulder beetle
 10452 | D:12     | Found a hide-covered altar of Uskayaw.
 10459 | D:12     | Noticed a boulder beetle
 10464 | D:12     | Killed a boulder beetle
 10468 | D:12     | Noticed a two-headed ogre
 10473 | D:12     | Killed a two-headed ogre
 10473 | D:12     | Received a gift from Okawaru
 10473 | D:12     | Reached ****** piety under Okawaru
 10524 | D:12     | Found Qoerph's Mayhem Merchandise.
 10700 | D:12     | Noticed a deep elf pyromancer
 10709 | D:12     | Killed a deep elf pyromancer
 10802 | D:12     | Received a gift from Okawaru
 10898 | D:12     | Found a staircase to the Orcish Mines.
 11102 | Lair:1   | Entered Level 1 of the Lair of Beasts
 11102 | Lair:1   | Noticed an oklob plant
 11107 | Lair:1   | Killed an oklob plant
 11108 | Lair:1   | Reached XP level 12. HP: 110/119 MP: 16/16
 11263 | Lair:1   | Identified the +0 kite shield of Leapfrog {Rampage Str+2}
                  | (Okawaru gifted it to you on level 1 of the Lair of Beasts)
 11263 | Lair:1   | Received a gift from Okawaru
 11548 | Lair:1   | Reached skill level 10 in Unarmed Combat
 12282 | Lair:2   | Found a hole to the Spider Nest.
 13402 | Lair:3   | Received a gift from Okawaru
 13665 | Lair:3   | Received a gift from Okawaru
 13849 | Lair:3   | Found a staircase to the Swamp.
 14291 | Lair:4   | Received a gift from Okawaru
 14302 | Lair:4   | Reached XP level 13. HP: 75/131 MP: 18/18
 14431 | Lair:4   | Noticed Exagres's ghost (journeyman DgIE)
 14433 | Lair:4   | Found a runed translucent door.
 14581 | Lair:4   | Found a staircase to the Slime Pits.
 14583 | Lair:4   | Found a viscous altar of Jiyva.
 14936 | Lair:5   | Entered Level 5 of the Lair of Beasts
 15105 | Lair:5   | Reached skill level 10 in Throwing
 15470 | Lair:5   | Received a gift from Okawaru
 15725 | Lair:5   | Found a runed translucent door.
 15726 | Lair:5   | Noticed drewk1942's ghost (journeyman DjHW)
 16275 | Lair:5   | HP: 4/133 [seven-headed hydra (5)]
 16275 | Lair:5   | Slain by a seven-headed hydra

Illustrated notes

Levels and vault maps discovered:
D:1:      dpeg_arrival_simpleton_b, layout_basic
D:2:      layout_basic, serial_shops, nicolae_shop_trees, shop
D:3:      layout_rooms, kennysheep_generic_room_13
D:4:      layout_basic, serial_shops, shop, shop_statue, shop,
          kennysheep_mini_moat, shop
D:5:      layout_gridville, minmay_temple_entry_drinking_statues,
          chequers_decorated_corner
D:6:      layout_basic, trog_hazing_becter, nicolae_overflow_crystal_walls,
          nicolae_overflow_hallway_of_the_gods, portal_sewer_entry_f
D:7:      layout_basic, serial_shops, shop, uniq_maggie
D:8:      layout_loops_corners, mainiacjoe_overflow_surrounded_room,
          erik_lair_island, st_stairs_14, uniq_pikel
D:9:      layout_roguey, nzn_wu_jian_council_hall, biasface_ghost_orc_armoury
D:10:     layout_loops_ring, mainiacjoe_overflow_alcove_2, nzn_life_drinkers
D:11:     layout_roguey, st_stairs_4, minmay_statue_bubble
D:12:     layout_rooms, david_orc_4, minmay_shop_mayhem,
          eat_drink_and_be_merry_uskayaw
Temple:   chequers_temple_sunken
Lair:1:   layout_loops_ring, dpeg_stationary_puzzle
Lair:2:   lemuel_ratsnest, layout_regular_city, dummy_spider_entry
Lair:3:   layout_regular_city, nicolae_swamp_entry_splash_gauntlet,
          disabler_island, serial_bayou_shore_a
Lair:4:   layout_roguey, minmay_slime_entry_pillars,
          hellmonk_ghost_happy_afterlife, chequers_serial_rivers_small_3,
          patterned_corridor
Lair:5:   hangedman_lair_in_review, layout_long_grid, gammafunk_ghost_grave,
          st_stairs_8, kennysheep_basilisk_garden

Skill      XL: |  1  2  3  4  5  6  7  8  9 10 11 12 13 |
---------------+----------------------------------------+-----
Throwing       | 2 3 4 5 6 7 8 9 10 | 10.0
Fighting       | 2 3 4 5 6 7 9 |  9.9
Dodging        | 3 4 5 |  5.2
Unarmed Combat | 4 5 6 7 8 9 10 | 10.0
Invocations    | 1 3 4 5 7 8 9 |  9.9
Armour         | 2 4 5 7 8 |  8.5

Action                   |  1- 3 |  4- 6 |  7- 9 | 10-12 | 13-15 || total
-------------------------+-------+-------+-------+-------+-------++-------
Melee: Unarmed           |    98 |    62 |   256 |   561 |   182 ||  1159
       Punch             |     1 |     4 |     3 |    44 |    16 ||    68
Throw: Stone             |     1 |     1 |       |     8 |       ||    10
       Large rock        |       |     2 |     3 |    41 |    19 ||    65
       Boomerang         |       |     4 |     7 |    25 |       ||    36
       Dart              |       |       |     1 |       |       ||     1
       Javelin           |       |       |       |     2 |     3 ||     5
Evoke: Wand              |       |       |     6 |     3 |       ||     9
  Use: Scroll            |       |    11 |       |    13 |     2 ||    26
 Stab: Sleeping          |       |     2 |     1 |       |       ||     3
Armor: Robe              |    42 |    34 |    91 |       |       ||   167
       Steam dragon scal |       |       |    32 |    38 |       ||    70
       Acid dragon scale |       |       |       |   201 |   114 ||   315
       Skin              |       |       |       |     2 |       ||     2
Dodge: Dodged            |    49 |    29 |   146 |   265 |   145 ||   634
